 Dungeon Crawl Stone Soup version 0.19-a0-1712-gff403d4 (webtiles) character file.

148145 MackTheKnife the Severer (level 16, -2/141 HPs)
             Began as a Mottled Draconian Artificer on Sept 28, 2016.
             Was a High Priest of Qazlal.
             Slain by a morningstar of crushing (15 damage)
             ... on level 2 of the Elven Halls.
             The game lasted 01:00:44 (27667 turns).

MackTheKnife the Severer (DrAr)                    Turns: 27667, Time: 01:00:44

Health: -2/141     AC: 22    Str: 19    XL:     16   Next: 93%
Magic:  0/27       EV: 22    Int: 15    God:    Qazlal [*****.]
Gold:   399        SH:  7    Dex: 21    Spells: 0 memorised, 15 levels left

rFire  . . .     SeeInvis .     a - +7 executioner's axe (venom)
rCold  + . .     Gourm    .     (armour unavailable)
rNeg   . . .     Faith    .     (shield currently unavailable)
rPois  .         Spirit   +     O - +2 hat
rElec  .         Dismiss  .     C - +2 cloak {MR+}
rCorr  +         Reflect  .     P - +0 pair of gloves of the Sun {rCorr Dex+2}
MR     +++..     Harm     .     E - +2 pair of boots
Stlth  +.........               A - amulet "Kigamig" {Spirit MR+ Str+2}
                                q - +6 ring of dexterity
                                y - ring of protection from cold {rC+, !d}

@: protected from physical damage, flying, very slightly contaminated, repel
missiles
A: breathe sticky flame splash, unfitting armour, big wings, sense surroundings
1, cold-blooded, AC +9
a: Breathe Sticky Flame, Stop Flying, Upheaval, Elemental Force, Disaster Area,
Renounce Religion


You were on level 2 of the Elven Halls.
You worshipped Qazlal.
Qazlal was extremely pleased with you.
You were not hungry.

You visited 4 branches of the dungeon, and saw 26 of its levels.
You also visited: Ossuary and Ice Cave.

You collected 3115 gold pieces.
You spent 2716 gold pieces at shops.

Inventory:

Hand Weapons
 a - a +7 executioner's axe of venom (weapon)
   (You acquired it on level 8 of the Dungeon)
Armour
 C - a +2 cloak of magic resistance (worn)
   (You bought it in a shop on level 8 of the Dungeon)
 E - a +2 pair of boots (worn)
   (You bought it in a shop on level 10 of the Dungeon)
 O - a +2 hat (worn)
   (You bought it in a shop on level 2 of the Orcish Mines)
 P - the +0 pair of gloves of the Sun (worn) {rCorr Dex+2}
   (You bought it in a shop on level 2 of the Orcish Mines)

   It affects your dexterity (+2).
   It protects you from acid and corrosion.
Rods
 b - a +7 rod of clouds (11/11) {!a}
   (You bought it in a shop on level 10 of the Dungeon)
Jewellery
 d - an uncursed ring of see invisible {sInv, !d}
   (You found it on level 5 of the Dungeon)
 q - a +6 ring of dexterity (right hand)
   (You found it on level 4 of the Dungeon)
 y - a ring of protection from cold (left hand) {rC+, !d}
   (You bought it in a shop on level 14 of the Dungeon)
 A - the amulet "Kigamig" (around neck) {Spirit MR+ Str+2}
   (You bought it in a shop on level 14 of the Dungeon)

   [amulet of guardian spirit]

   It causes incoming damage to be split between your health and magic.
   It affects your strength (+2).
   It affects your resistance to hostile enchantments.
Wands
 m - a wand of disintegration (7/24)
   (You found it on level 3 of the Lair of Beasts)
 D - a wand of teleportation (3/9)
   (You found it on level 6 of the Lair of Beasts)
 F - a wand of hasting (1/9)
   (You took it off Maurice on level 1 of the Orcish Mines)
 L - a wand of disintegration (7/24)
   (You found it on level 3 of the Lair of Beasts)
 M - a wand of digging (14/24)
   (You found it on level 11 of the Dungeon)
Scrolls
 g - 9 scrolls of remove curse
 o - a scroll of recharging
 p - a scroll of teleportation
 w - 4 scrolls of fog
 x - 2 scrolls of magic mapping {!r}
 B - a scroll of fear
 H - 2 scrolls of identify
Potions
 e - 3 potions of brilliance
 h - 2 potions of magic
 i - 7 potions of might
 j - 6 potions of flight
 l - 4 potions of curing
 r - 4 potions of cure mutation {!q}
 v - 4 potions of berserk rage {!q}
 z - 3 potions of haste
 G - 5 potions of resistance
 J - 3 potions of ambrosia
Miscellaneous
 u - a disc of storms
   (You found it on level 5 of the Lair of Beasts)
Comestibles
 f - 9 bread rations {@e1}
 k - 28 fruits
 n - 9 meat rations {@e2}
 t - 3 beef jerkies


   Skills:
 - Level 12.6 Fighting
   Level 1.0 Short Blades
 - Level 20.4 Axes
 - Level 11.0 Dodging
 - Level 0.8 Stealth
 + Level 15.4 Invocations
 - Level 3.0 Evocations


You had 15 spell levels left.
You didn't know any spells.

Dungeon Overview and Level Annotations

Branches:
Dungeon (15/15)            Temple (0/1) D:4            Lair (6/6) D:11
  Swamp (0/4) Lair:2       Spider (0/4) Lair:3        Slime (0/5) Lair:6
    Orc (2/2) D:11            Elf (3/3) Orc:2        Vaults (0/5) D:14
 Depths (0/5) D:15

Altars:
Fedhas
Gozag
Hepliaklqana
Kikubaaqudgha
Makhleb
Qazlal
Ru
Sif Muna
Trog
Xom
Yredelemnul
The Shining One

Shops:
D:6 }   D:7 (   D:8 [   D:10 %%=}[   D:11 [   D:14 =   D:15 *   Orc:2 *(([=
Elf:3 [

Annotations:
D:3 Sigmund
Elf:2 ....


Innate Abilities, Weirdness & Mutations

You can spit globs of burning liquid.
You can ignite nearby creatures when you spit burning liquid.
Your weird mottled scales are hard. (AC +9)
You cannot fit into any form of body armour.
You are cold-blooded and may be slowed by cold attacks.
Your large and strong wings let you fly indefinitely.
You passively map a small area around you.


Message History

The earth elemental disappears in a puff of smoke!
The hell rat completely misses you.
You feel less protected from physical attacks.
The deep elf mage gestures wildly while chanting.
The deep elf mage blinks!
The hell rat completely misses you.
The deep elf knight hits you but does no damage.
Unknown command.
You hear a shout!
The deep elf knight hits you but does no damage.
You hear some strange, mumbled words.
A shard of ice appears from out of thin air!
You block the shard of ice.
Unknown command.
The hell rat completely misses you.
The hell rat twitches its whiskers.
The deep elf knight closely misses you.
The hell rat bites you but does no damage.
Unknown command.
You closely miss the hell rat. You slash the hell rat!
The hell rat looks as sick as possible!
You slash the earth elemental! You slash the deep elf knight!
The deep elf knight is poisoned.
You slash the hell rat!
The hell rat is poisoned.
You hear a shout! x4
The hell rat disappears in a puff of smoke!
The hell rat barely misses you.
The deep elf mage gestures at you while chanting.
The stone arrow hits something.
You block the deep elf knight's attack. The hell rat misses you.
You block the hell rat's attack.
The earth elemental completely misses you.
Unknown command.
You barely miss something. You slice the hell rat!!
You kill the hell rat!
The hell rat's corpse disappears in a puff of smoke!
You barely miss the deep elf knight. You slice the demonic crawler!!
You slash the earth elemental! You completely miss the hell rat.
You kill the hell rat!
The hell rat's corpse disappears in a puff of smoke!
The demonic crawler completely misses you.
You block the demonic crawler's attack. The demonic crawler hits you!
* * * LOW HITPOINT WARNING * * *
The deep elf mage casts a spell.
The deep elf mage blinks!
The deep elf knight misses you. Something hits you!
* * * LOW HITPOINT WARNING * * *
You feel protected from physical attacks.
You take 15 damage, and have 21/141 hp.
You now have 3/27 mp.
Unknown command.
You block the demonic crawler's attack. The demonic crawler misses you. x2
The deep elf mage casts a spell.
The deep elf mage blinks!
You block something's attack. The earth elemental closely misses you.
The morningstar of crushing completely misses you.
The demonic crawler misses you. The demonic crawler closely misses you.
The demonic crawler completely misses you.
Unknown command.
The deep elf blademaster shouts!
You hear some strange, mumbled words.
A shard of ice appears from out of thin air!
You block the shard of ice.
You feel much better.
The demonic crawler completely misses you.
The demonic crawler hits you but does no damage.
The demonic crawler misses you.
The deep elf knight gestures wildly while chanting.
The deep elf knight seems to speed up.
The earth elemental hits you!!
* * * LOW HITPOINT WARNING * * *
You feel more protected from physical attacks.
The deep elf mage gestures at you while chanting.
You hear a sizzling sound!
You regained 2 hp, and now have 24/141 hp.
You now have 1/27 mp.
As you read the scroll of fear, it crumbles to dust.
You assume a fearsome visage.
The deep elf blademaster resists with almost no effort.
The scimitar of freezing is unaffected.
The halberd of protection is unaffected.
The deep elf knight looks frightened!
The morningstar of crushing is unaffected.
The deep elf mage looks frightened!
The earth elemental is unaffected.
The deep elf mage looks frightened!
The earth elemental is unaffected.
The deep elf mage looks frightened!
The demonic crawler is unaffected.
The demonic crawler disappears in a puff of smoke!
The deep elf mage gestures wildly while chanting.
The deep elf mage blinks!
The deep elf mage gestures wildly while chanting.
The deep elf mage blinks!
The deep elf mage casts a spell.
The deep elf mage blinks!
The halberd of protection hits you from afar!
* * * LOW HITPOINT WARNING * * *
You take 12 damage, and have 12/141 hp.
Unknown command.
Unknown command.
The deep elf blademaster is engulfed in roaring flames.
The deep elf mage hums to itself desperately, trying to keep calm.
The deep elf mage mumbles some strange words.
The deep elf mage blinks!
The morningstar of crushing hits you!
You die...

* , , ..# ,
.......... ..## ,
.......... ...## ,
, * *........(##
##...# ,,
..........###...#
, ...........#...#
*
........§§.....##
* , ,
......§e(.(.....##
,,,
.......@(§§..e...#
......§.E§.......#
,, ,
.....§..§........#
..§###....{.....##
.. ##........## ,
,. , #.......E.# *
, ##§.......## , *
#..........# *,
..............#


You could see a deep elf blademaster, a deep elf knight (fleeing), 2 earth
elementals and 4 dancing weapons.

Vanquished Creatures
  Jorgrun (Elf:3)
  Rupert (Lair:4)
  Gastronok (Lair:2)
  A frost giant (IceCv)
  An orc warlord (Orc:1)
  Nessos (Lair:4)
  5 deep elf annihilators
  A deep elf demonologist (Elf:3)
  A deep elf death mage (Elf:2)
  An ogre mage (D:15)
  A fire dragon (D:15)
  Josephine (Orc:2)
  8 hydras
  A catoblepas (Lair:2)
  4 centaur warriors
  An ice dragon (D:15)
  Erica (D:9)
  A death knight (D:13)
  10 dancing weapons
  13 death yaks
  A tengu warrior (D:13)
  An orc high priest (Orc:2)
  Nergalle (Orc:1)
  Sonja (Orc:2)
  11 deep elf knights
  3 skeletal warriors (D:15)
  An iron troll (D:14)
  An unseen horror (D:11)
  14 deep elf archers
  4 hill giants
  37 deep elf magi
  A lindwurm (Lair:2)
  8 ugly things
  4 orc sorcerers
  4 orc knights
  A wolf spider zombie (D:14)
  3 manticores
  3 cyclopes
  Joseph (D:9)
  6 elephants
  Maurice (Orc:1)
  6 centaur zombies
  2 black mambas
  23 spiny frogs
  A torpor snail (Lair:3)
  A spiny frog (shapeshifter) (D:14)
  2 gargoyles
  A centaur skeleton (D:12)
  3 rime drakes
  4 freezing wraiths
  8 komodo dragons
  3 jumping spiders
  6 trolls
  3 two-headed ogres (D:15)
  15 polar bears
  3 tyrant leeches (Lair:6)
  Prince Ribbit (D:7)
  6 dream sheep
  14 hippogriffs
  13 blink frogs
  12 slime creatures
  A meliai zombie (D:13)
  A centaur simulacrum (D:15)
  5 air elementals
  5 redbacks (Lair:3)
  8 wraiths
  A shadow (D:15)
  2 wyverns
  6 basilisks
  A vampire (D:15)
  47 yaks
  A hungry ghost (D:10)
  A steam dragon (D:10)
  A mottled dragon (D:15)
  4 vampire mosquitoes
  2 wargs
  A warg (shapeshifter) (D:14)
  21 water moccasins
  13 porcupines
  4 sky beasts
  4 ice beasts
  27 orc warriors
  A wasp (D:12)
  A necrophage (D:9)
  A phantom (D:5)
  15 ogres
  An eye of draining (D:10)
  22 wolves
  12 centaurs
  4 crocodiles
  5 big kobolds
  24 bullfrogs
  A gnoll sergeant (D:13)
  3 earth elementals
  3 scorpions
  2 wyvern skeletons
  11 wights
  10 killer bees
  8 electric eels
  2 howler monkeys
  6 crimson imps
  2 quasits
  2 jellies (Lair:6)
  A bullfrog zombie (D:7)
  9 orc priests
  A bullfrog skeleton (D:11)
  14 hounds
  20 iguanas
  13 orc wizards
  12 worker ants
  7 big kobold zombies (Ossuary)
  A hound skeleton (D:7)
  A mummy (Ossuary)
  A worker ant zombie (D:5)
  6 gnolls
  12 adders
  30 river rats
  6 shadow imps
  An ooze (D:2)
  2 adder zombies
  An adder skeleton (D:4)
  5 worms
  5 dart slugs
  8 leopard geckos
  62 orcs
  13 bats
  4 giant cockroaches
  8 hobgoblins
  12 jackals
  18 kobolds
  A quokka (D:11)
  4 bat simulacra (Ossuary)
  5 frilled lizards
  3 gnoll zombies (Ossuary)
  6 goblins
  3 goblin simulacra (Ossuary)
  4 goblin zombies (Ossuary)
  6 hobgoblin zombies (Ossuary)
  3 kobold simulacra (Ossuary)
  4 kobold zombies (Ossuary)
  4 orc zombies (Ossuary)
  2 quokka skeletons
  7 rats
  2 rat simulacra (Ossuary)
  42 fungi
  18 plants
968 creatures vanquished.

Vanquished Creatures (collateral kills)
  An orc knight (Orc:2)
  An ugly thing (D:11)
  A troll (Orc:2)
  An iguana (D:11)
  2 kobolds (D:11)
6 creatures vanquished.

Vanquished Creatures (others)
  3 deep elf magi
  A troll (D:15)
  An orc priest (D:5)
  A bush (D:11)
  21 fungi
  26 plants
53 creatures vanquished.

Grand Total: 1027 creatures vanquished

Notes
Turn   | Place    | Note
-------+----------+-------------------------------------------
     0 | D:1      | MackTheKnife the Draconian Artificer began the quest for the Orb.
     0 | D:1      | Reached XP level 1. HP: 16/16 MP: 3/3
   126 | D:1      | Reached skill level 2 in Dodging
   146 | D:1      | Reached XP level 2. HP: 19/24 MP: 4/4
   310 | D:1      | Reached skill level 2 in Fighting
   671 | D:1      | You fall through a shaft!
   680 | D:2      | Reached XP level 3. HP: 26/30 MP: 5/5
   925 | D:2      | Found a stormy altar of Qazlal.
  1028 | D:2      | Became a worshipper of Qazlal Stormbringer
  1050 | D:2      | Reached skill level 3 in Dodging
  1108 | D:2      | Found an opulent altar of Gozag.
  1146 | D:2      | Reached skill level 3 in Fighting
  1146 | D:2      | Reached XP level 4. HP: 38/38 MP: 6/6
  2239 | D:3      | Reached * piety under Qazlal
  2266 | D:3      | Noticed Sigmund
  2584 | D:3      | Reached XP level 5. HP: 35/46 MP: 7/7
  2678 | D:3      | You fall through a shaft for 3 floors!
  2685 | D:5      | Entered Level 5 of the Dungeon
  2697 | D:5      | Noticed a phantom
  2716 | D:5      | Noticed an ogre
  2717 | D:5      | Reached skill level 4 in Fighting
  2718 | D:5      | Noticed a sky beast
  2731 | D:5      | Reached skill level 4 in Dodging
  2734 | D:5      | Gained mutation: Your large and strong wings let you fly indefinitely. [potion of mutation]
  2734 | D:5      | Gained mutation: Your body sometimes deteriorates upon taking damage. [potion of mutation]
  2734 | D:5      | Gained mutation: You are resistant to hostile enchantments. (MR+) [potion of mutation]
  2738 | D:5      | HP: 10/47 [ogre/giant spiked club (22)]
  2740 | D:5      | Killed an ogre
  2740 | D:5      | Reached XP level 6. HP: 34/55 MP: 8/8
  2745 | D:5      | Killed a sky beast
  2745 | D:5      | Reached skill level 5 in Fighting
  2752 | D:5      | Lost mutation: Your body sometimes deteriorates upon taking damage. [potion of cure mutation]
  2752 | D:5      | Lost mutation: Your large and strong wings let you fly indefinitely. [potion of cure mutation]
  2752 | D:5      | Lost mutation: You are resistant to hostile enchantments. (MR+) [potion of cure mutation]
  2765 | D:5      | Reached skill level 5 in Dodging
  2765 | D:5      | Your scales start taking on a weird mottled colour.
  2765 | D:5      | Reached XP level 7. HP: 19/62 MP: 9/9
  2777 | D:5      | HP: 15/62 [crimson imp (1)]
  2783 | D:5      | HP: 11/62 [worker ant zombie (5)]
  2988 | D:5      | Reached skill level 6 in Fighting
  3181 | D:5      | Found a sand-covered staircase.
  3186 | Ossuary  | Entered an ossuary
  3200 | Ossuary  | Reached ** piety under Qazlal
  3310 | Ossuary  | Reached skill level 6 in Dodging
  3478 | Ossuary  | Reached *** piety under Qazlal
  3729 | D:5      | Reached skill level 7 in Fighting
  3729 | D:5      | Reached XP level 8. HP: 71/73 MP: 10/10
  4092 | D:4      | Found a staircase to the Ecumenical Temple.
  4383 | D:4      | Reached skill level 1 in Invocations
  4449 | D:4      | Found a deep blue altar of Sif Muna.
  4781 | D:3      | Reached skill level 2 in Invocations
  4941 | D:6      | Reached skill level 3 in Invocations
  4968 | D:6      | Reached skill level 4 in Invocations
  5205 | D:5      | Reached skill level 6 in Invocations
  5261 | D:6      | Found a shimmering altar of Xom.
  5261 | D:6      | Found a shimmering altar of Xom.
  5261 | D:6      | Found a shimmering altar of Xom.
  5261 | D:6      | Found a shimmering altar of Xom.
  5261 | D:6      | Found a shimmering altar of Xom.
  5267 | D:6      | Found a shimmering altar of Xom.
  5268 | D:6      | Found a shimmering altar of Xom.
  5268 | D:6      | Found a shimmering altar of Xom.
  5293 | D:6      | Found a shimmering altar of Xom.
  5361 | D:6      | Reached skill level 7 in Invocations
  5406 | D:5      | Gained mutation: Your magical capacity is low. (-10% MP) [potion of mutation]
  5406 | D:5      | Gained mutation: You are agile. (Dex +2) [potion of mutation]
  5406 | D:5      | Gained mutation: You occasionally shout uncontrollably at your foes. [potion of mutation]
  5407 | D:5      | Lost mutation: Your magical capacity is low. (-10% MP) [potion of cure mutation]
  5407 | D:5      | Lost mutation: You occasionally shout uncontrollably at your foes. [potion of cure mutation]
  5407 | D:5      | Lost mutation: You are agile. (Dex +2) [potion of cure mutation]
  5473 | D:6      | Reached XP level 9. HP: 52/79 MP: 14/14
  5802 | D:6      | Reached **** piety under Qazlal
  5816 | D:6      | Found Cinotocw's Gadget Boutique.
  5827 | D:6      | Reached skill level 8 in Invocations
  6601 | D:7      | Reached skill level 9 in Invocations
  6615 | D:7      | Noticed Prince Ribbit
  6626 | D:7      | Killed Prince Ribbit
  6792 | D:7      | Found Desekeoq's Weapon Shop.
  6804 | D:7      | Reached skill level 10 in Invocations
  6852 | D:7      | Found a hazy altar of Hepliaklqana.
  7045 | D:7      | Found a bloodstained altar of Trog.
  7049 | D:7      | Found a sacrificial altar of Ru.
  7049 | D:7      | Found a burning altar of Makhleb.
  7300 | D:8      | Reached skill level 1 in Axes
  7310 | D:8      | Reached skill level 2 in Axes
  7364 | D:8      | Found Kiduzin's Armour Shoppe.
  7371 | D:8      | Bought a +1 cloak of magic resistance for 198 gold pieces
  7384 | D:8      | Got a pair of fine gloves
  7395 | D:8      | Identified the +0 pair of gloves of Autumn {+Blink} (You found it on level 8 of the Dungeon)
  7407 | D:8      | Identified a scroll of acquirement
  7825 | D:9      | Reached skill level 4 in Axes
  7856 | D:9      | Reached XP level 10. HP: 81/86 MP: 17/17
  7862 | D:9      | Reached skill level 5 in Axes
  7887 | D:9      | Noticed a gargoyle
  7892 | D:9      | Killed a gargoyle
  7892 | D:9      | Reached skill level 6 in Axes
  7976 | D:9      | Noticed Erica
  7982 | D:9      | Killed Erica
  7982 | D:9      | Reached skill level 7 in Axes
  8174 | D:9      | Noticed Joseph
  8186 | D:9      | Killed Joseph
  8186 | D:9      | Reached skill level 8 in Axes
  8260 | D:9      | Found a glowing golden altar of the Shining One.
  8262 | D:9      | Found a basalt altar of Yredelemnul.
  8273 | D:9      | Noticed an angel
  8286 | D:9      | Noticed a profane servitor
  8762 | D:10     | Entered Level 10 of the Dungeon
  8762 | D:10     | Found Heazuc's Armour Boutique.
  8762 | D:10     | Found Ycajur's Food Boutique.
  8763 | D:10     | Found Weannuh's Gadget Boutique.
  8770 | D:10     | Reached skill level 9 in Axes
  8771 | D:10     | Noticed a hill giant
  8771 | D:10     | Found Ushalium's Food Boutique.
  8777 | D:10     | Killed a hill giant
  8780 | D:10     | Bought a +0 pair of boots for 72 gold pieces
  8984 | D:10     | Reached skill level 10 in Axes
  9101 | D:10     | Reached XP level 11. HP: 92/92 MP: 18/18
  9356 | D:10     | Found Womusargh's Jewellery Shop.
  9518 | D:11     | Reached skill level 11 in Axes
  9773 | D:11     | Noticed a hill giant
 10128 | D:11     | Reached skill level 12 in Axes
 10153 | D:11     | Found a staircase to the Lair.
 10192 | D:11     | Noticed a white ugly thing
 10197 | D:11     | Killed a white ugly thing
 10318 | D:11     | Killed a hill giant
 10380 | D:11     | Found a staircase to the Orcish Mines.
 10452 | D:11     | Found Oxeroatu's Antique Armour Shoppe.
 10889 | Orc:1    | Entered Level 1 of the Orcish Mines
 10939 | Orc:1    | Noticed Maurice
 10949 | Orc:1    | Noticed Nergalle
 10961 | Orc:1    | Killed Maurice
 10966 | Orc:1    | Killed Nergalle
 10966 | Orc:1    | Reached skill level 8 in Fighting
 10966 | Orc:1    | Reached skill level 7 in Dodging
 11152 | Orc:2    | Entered Level 2 of the Orcish Mines
 11152 | Orc:2    | Noticed Josephine
 11154 | Orc:2    | Noticed an orc sorcerer
 11176 | Orc:2    | Noticed an orc warlord
 11416 | Lair:1   | Entered Level 1 of the Lair of Beasts
 11827 | Lair:1   | Reached XP level 12. HP: 92/103 MP: 19/19
 11841 | Lair:1   | Reached skill level 9 in Fighting
 11845 | Lair:1   | Reached ***** piety under Qazlal
 12162 | Lair:1   | Reached skill level 8 in Dodging
 12691 | Lair:2   | Found a staircase to the Swamp.
 12736 | Lair:2   | Noticed Gastronok
 12745 | Lair:2   | Killed Gastronok
 12745 | Lair:2   | Reached skill level 10 in Fighting
 12842 | Lair:2   | Reached skill level 9 in Dodging
 12843 | Lair:2   | Noticed a catoblepas
 12854 | Lair:2   | Killed a catoblepas
 13161 | Lair:2   | Reached skill level 11 in Fighting
 13386 | Lair:2   | You fall through a shaft for 2 floors!
 13386 | Lair:4   | Noticed a death yak
 13386 | Lair:4   | Noticed a death yak
 13386 | Lair:4   | Noticed a death yak
 13403 | Lair:4   | Noticed Rupert
 13463 | Lair:3   | Noticed a seven-headed hydra
 13471 | Lair:3   | Killed an eight-headed hydra
 13475 | Lair:3   | Noticed a four-headed hydra
 13505 | Lair:3   | Killed an eight-headed hydra
 13505 | Lair:3   | Reached skill level 10 in Dodging
 13663 | Lair:3   | Reached XP level 13. HP: 30/117 MP: 20/20
 13663 | Lair:3   | HP: 18/117 [blink frog (13)]
 13669 | Lair:3   | HP: 16/117 [redback (7)]
 14005 | Lair:3   | Found a hole to the Spider Nest.
 14711 | Lair:4   | Reached skill level 13 in Axes
 14927 | Lair:4   | Noticed Nessos
 14937 | Lair:4   | Killed Nessos
 14943 | Lair:4   | Reached skill level 14 in Axes
 15170 | Lair:5   | Found a frozen archway.
 15181 | IceCv    | Entered an ice cave
 15378 | IceCv    | Gained mutation: You passively map a small area around you. [potion of beneficial mutation]
 15379 | IceCv    | Gained mutation: Your large and strong wings let you fly indefinitely. [potion of beneficial mutation]
 15500 | IceCv    | Reached skill level 15 in Axes
 15518 | IceCv    | Noticed a frost giant
 15521 | IceCv    | HP: 18/117 [frost giant/battleaxe of freezing (15)]
 15526 | IceCv    | HP: 21/117 [frost giant/bolt of cold (32)]
 15529 | IceCv    | Killed a frost giant
 16035 | Lair:5   | Reached XP level 14. HP: 92/125 MP: 21/21
 16541 | Lair:5   | Reached skill level 16 in Axes
 16845 | Lair:6   | Entered Level 6 of the Lair of Beasts
 17346 | Lair:6   | Reached skill level 17 in Axes
 17516 | Lair:6   | Found a staircase to the Slime Pits.
 18273 | Lair:4   | Reached skill level 18 in Axes
 18281 | Lair:4   | HP: 39/187 [Rupert/great mace of draining (24)]
 18282 | Lair:4   | Killed Rupert
 19130 | D:10     | Bought a +3 rod of clouds (9/9) for 1105 gold pieces
 19223 | Orc:1    | Killed an orc warlord
 19285 | Orc:2    | Reached XP level 15. HP: 82/132 MP: 22/22
 19403 | Orc:2    | Killed Josephine
 19488 | Orc:2    | Found Onaipn's Weapon Shop.
 19507 | Orc:2    | Noticed Sonja
 19625 | Orc:2    | Found a staircase to the Elven Halls.
 19681 | Orc:2    | Found Ylud's Jewellery Shoppe.
 19737 | Orc:2    | Found Ofutaso's Antique Armour Emporium.
 19746 | Orc:2    | Bought a glowing hat for 92 gold pieces
 19746 | Orc:2    | Bought a pair of encrusted gloves for 218 gold pieces
 19746 | Orc:2    | Identified the cursed +0 pair of gloves of the Sun {rCorr Dex+2} (You bought it in a shop on level 2 of the Orcish Mines)
 19787 | Orc:2    | Killed Sonja
 19787 | Orc:2    | Reached skill level 19 in Axes
 19789 | Orc:2    | Found Yfioxt's Antique Weapon Emporium.
 19926 | Orc:2    | Found Qialahok's General Store.
 19934 | Orc:2    | Bought a potion of heal wounds for 70 gold pieces
 19934 | Orc:2    | Bought a scroll of identify for 28 gold pieces
 20152 | D:12     | Found an ancient bone altar of Kikubaaqudgha.
 20156 | D:12     | Reached ****** piety under Qazlal
 21277 | D:14     | Reached skill level 20 in Axes
 21277 | D:14     | HP: 31/132 [centaur warrior/arrow (25)]
 21519 | D:14     | Found a blossoming altar of Fedhas.
 21787 | D:14     | Found Wogihus's Jewellery Shop.
 21790 | D:14     | Bought the amulet "Kigamig" {Spirit MR+ Str+2} for 608 gold pieces
 21991 | D:14     | Found a gate to the Vaults.
 22158 | D:15     | Entered Level 15 of the Dungeon
 22159 | D:15     | Found Ugugat's Blood Bar.
 22220 | D:15     | HP: 31/132 [skeletal warrior/scimitar[a skeletal warrior] (11)]
 22614 | D:15     | Reached skill level 12 in Fighting
 22742 | D:15     | HP: 33/133 [ice dragon (10)]
 22744 | D:15     | HP: 12/133 [ice dragon/blast of cold (22)]
 23150 | D:15     | Found a staircase to the Depths.
 23647 | D:14     | Bought an uncursed ring of protection from cold for 325 gold pieces
 24160 | Elf:1    | Entered Level 1 of the Elven Halls
 24170 | Elf:1    | Reached XP level 16. HP: 89/141 MP: 14/23
 24176 | Elf:1    | Reached skill level 11 in Dodging
 24181 | Elf:1    | HP: 31/141 [something (17)]
 24598 | Elf:1    | Reached skill level 11 in Invocations
 24625 | Elf:1    | HP: 35/141 [air elemental (4)]
 24632 | Elf:1    | HP: 32/141 [air elemental (5)]
 24640 | Orc:2    | HP: 29/141 [air elemental (3)]
 25293 | Elf:1    | Reached skill level 12 in Invocations
 25413 | Elf:1    | Identified the Tome of Conjuration
 26124 | Elf:1    | Reached skill level 13 in Invocations
 26522 | Elf:2    | Reached skill level 14 in Invocations
 26549 | Elf:2    | Found a runed door.
 26762 | Elf:2    | Found a runed door.
 27055 | Elf:3    | Entered Level 3 of the Elven Halls
 27108 | Elf:3    | Noticed Jorgrun
 27117 | Elf:3    | Killed Jorgrun
 27172 | Elf:3    | Reached skill level 15 in Invocations
 27434 | Elf:3    | Found Buhin's Armour Shop.
 27542 | Elf:3    | Noticed an Executioner
 27582 | Elf:3    | Noticed a deep elf blademaster
 27599 | Elf:3    | HP: 30/141 [deep elf blademaster/rapier of flaming (9)]
 27599 | Elf:3    | Killed a deep elf blademaster
 27610 | Elf:3    | HP: 30/141 [ghostly deep elf blademaster/rapier of flaming (2)]
 27643 | Elf:2    | HP: 22/141 [deep elf mage/bolt of lightning (10)]
 27651 | Elf:2    | Noticed a deep elf blademaster
 27653 | Elf:2    | HP: 12/141 [deep elf knight/stone arrow (13)]
 27662 | Elf:2    | HP: 28/141 [demonic crawler[a deep elf mage] (8)]
 27666 | Elf:2    | HP: 12/141 [halberd of protection (12)]
 27667 | Elf:2    | Slain by a morningstar of crushing

Vault maps used:
D:1:      saegor_arrival_simple_e, minivault_23
D:2:      grunt_qazlal_sundering, nicolae_overflow_hidden_temple
D:3:      first_bread, uniq_sigmund
D:4:      led_sif_pool
D:5:      enter_ossuary_5
D:6:      xom_redecorated, serial_shops, nicolae_shop_statue_plus,
          water_boxes_lemuel
D:7:      grunt_temple_overflow_open, serial_shops, nicolae_shop_stone,
          uniq_prince_ribbit1
D:8:      serial_shops, shop
D:9:      grunt_temple_overflow_holy_war, uniq_erica, uniq_joseph
D:10:     serial_shops, shop, blue_anna_alchemist, minmay_shop_grid_forest,
          minmay_misc_feat_iff, kennysheep_small_spiral
D:11:     minmay_lair_entry_grove, orc_0_dummy, serial_shops,
          nicolae_shop_crystal
D:12:     basic_altar, spider_trap
D:14:     david_vaults_4, fedhas_altar_4, serial_shops, kennysheep_mini,
          grunt_decor_resistance, kennysheep_nondescript, evilmike_butchery
D:15:     grunt_enter_depths_hoard, serial_bayou_pond_a, guppyfry_shop_blood
Lair:1:   beast_lair_carwin_large_3
Lair:2:   swamp_mist, serial_bayou_pond_c, grunt_megastairs_4, uniq_gastronok
Lair:3:   nicolae_spider_entry_tight_spaces
Lair:4:   st_stairs_3, serial_bayou_ford_a, minmay_lindwurm_lava,
          serial_bayou_shore_b, uniq_nessos, uniq_rupert
Lair:5:   portal_ice_cave_rime, lab_entry_generic
Lair:6:   minmay_lair_end_frog_pond, minmay_slime_entry_pillars
Orc:1:    uniq_nergalle, uniq_maurice
Orc:2:    grunt_orc_gardens, grunt_orc_garden, grunt_orc_garden,
          grunt_orc_garden, grunt_orc_garden, serial_shops, shop,
          uniq_josephine, uniq_sonja
Elf:1:    minmay_elf_arrival_circle, minmay_elf_annihilation
Elf:2:    grunt_megastairs_3
Elf:3:    grunt_elf_hall_diamonds, serial_shops, nicolae_shop_behind_doors,
          serial_sigils_hangedman_carve, uniq_jorgrun
Ossuary:  ossuary_zaba_two_paths
IceCv:    ice_cave_small_giant

Skill      XL: |  1  2  3  4  5  6  7  8  9 10 11 12 13 14 15 16 |
---------------+-------------------------------------------------+-----
Dodging        | 2 3 4 5 6 7 10 11 | 11.0
Fighting       | 2 3 4 5 7 8 11 12 | 12.6
Invocations    | 7 10 15 | 15.4
Axes           | 4 10 12 15 18 20 | 20.4
Short Blades   | |  1.0
Stealth        | |  0.8
Evocations     | |  3.0

Action                   |  1- 3 |  4- 6 |  7- 9 | 10-12 | 13-15 | 16-18 || total
-------------------------+-------+-------+-------+-------+-------+-------++-------
Melee: Spear             |    38 |       |       |       |       |       ||    38
       Short sword       |     8 |       |       |       |       |       ||     8
       Tailslap          |     8 |    13 |   138 |    83 |   135 |    43 ||   420
       Dagger            |    52 |   144 |   726 |       |       |       ||   922
       Executioner's axe |       |       |    20 |   480 |   892 |   233 ||  1625
       War axe           |       |       |    11 |       |       |       ||    11
Invok: Upheaval          |       |       |     1 |     9 |     9 |     2 ||    21
       Elemental Force   |       |       |       |     3 |     3 |     1 ||     7
       Disaster Area     |       |       |       |       |     1 |     3 ||     4
 Abil: Breathe Sticky Fl |       |       |     8 |     6 |    15 |     3 ||    32
       Fly               |       |       |       |       |     1 |       ||     1
Evoke: Wand              |       |     4 |     2 |    11 |     7 |       ||    24
       Box of beasts     |       |       |       |       |     1 |       ||     1
       Rod               |       |       |       |       |     2 |       ||     2
  Use: Potion            |       |     5 |     5 |       |     8 |     3 ||    21
       Scroll            |       |     8 |    11 |    11 |    16 |    12 ||    58
 Stab: Sleeping          |     1 |     2 |       |       |       |       ||     3
  Eat: Chunk             |     1 |     3 |     5 |     8 |     9 |     3 ||    29
       Beef jerky        |       |     1 |     1 |     2 |     2 |     6 ||    12
       Meat ration       |       |       |     1 |     1 |     1 |       ||     3
       Bread ration      |       |       |     2 |     1 |     5 |       ||     8
       Fruit             |       |       |       |     1 |     1 |       ||     2
Armor: Skin              |    24 |    28 |   153 |   172 |   289 |    79 ||   745
Dodge: Dodged            |    53 |    93 |   482 |   512 |   996 |   176 ||  2312
       Deflected         |       |       |     5 |     6 |    30 |    13 ||    54
Block: Other             |       |     5 |   127 |   159 |   379 |    87 ||   757

Vault maps used:
D:1:      saegor_arrival_simple_e, minivault_23
D:2:      grunt_qazlal_sundering, nicolae_overflow_hidden_temple
D:3:      first_bread, uniq_sigmund
D:4:      led_sif_pool
D:5:      enter_ossuary_5
D:6:      xom_redecorated, serial_shops, nicolae_shop_statue_plus,
          water_boxes_lemuel
D:7:      grunt_temple_overflow_open, serial_shops, nicolae_shop_stone,
          uniq_prince_ribbit1
D:8:      serial_shops, shop
D:9:      grunt_temple_overflow_holy_war, uniq_erica, uniq_joseph
D:10:     serial_shops, shop, blue_anna_alchemist, minmay_shop_grid_forest,
          minmay_misc_feat_iff, kennysheep_small_spiral
D:11:     minmay_lair_entry_grove, orc_0_dummy, serial_shops,
          nicolae_shop_crystal
D:12:     basic_altar, spider_trap
D:14:     david_vaults_4, fedhas_altar_4, serial_shops, kennysheep_mini,
          grunt_decor_resistance, kennysheep_nondescript, evilmike_butchery
D:15:     grunt_enter_depths_hoard, serial_bayou_pond_a, guppyfry_shop_blood
Lair:1:   beast_lair_carwin_large_3
Lair:2:   swamp_mist, serial_bayou_pond_c, grunt_megastairs_4, uniq_gastronok
Lair:3:   nicolae_spider_entry_tight_spaces
Lair:4:   st_stairs_3, serial_bayou_ford_a, minmay_lindwurm_lava,
          serial_bayou_shore_b, uniq_nessos, uniq_rupert
Lair:5:   portal_ice_cave_rime, lab_entry_generic
Lair:6:   minmay_lair_end_frog_pond, minmay_slime_entry_pillars
Orc:1:    uniq_nergalle, uniq_maurice
Orc:2:    grunt_orc_gardens, grunt_orc_garden, grunt_orc_garden,
          grunt_orc_garden, grunt_orc_garden, serial_shops, shop,
          uniq_josephine, uniq_sonja
Elf:1:    minmay_elf_arrival_circle, minmay_elf_annihilation
Elf:2:    grunt_megastairs_3
Elf:3:    grunt_elf_hall_diamonds, serial_shops, nicolae_shop_behind_doors,
          serial_sigils_hangedman_carve, uniq_jorgrun
Ossuary:  ossuary_zaba_two_paths
IceCv:    ice_cave_small_giant

Table legend:
 A = Turns spent in this place as a percentage of turns spent in the entire game.
 B = Non-inter-level travel turns spent in this place as a percentage of non-inter-level travel turns spent in the entire game.
 C = Inter-level travel turns spent in this place as a percentage of turns spent in this place.
 D = Turns resting spent in this place as a percentage of non-inter-level travel turns spent in this place.
 E = Turns spent auto-exploring this place as a percentage of non-inter-level travel turns spent in this place.
 F = Non-inter-level travel turns spent in this place divided by the number of levels of this place that you've seen.
                   A       B       C       D       E      F
               +-------+-------+-------+-------+-------+----------------------
         Total | 100.0 | 100.0 |   0.6 |   3.4 |   6.6 | 314.4
       Dungeon |  46.8 |  46.7 |   0.8 |   3.0 |   9.0 | 273.9
          Lair |  24.3 |  24.3 |   0.4 |   4.1 |   4.7 | 356.7
  Orcish Mines |   8.9 |   8.9 |   1.0 |   6.3 |   5.1 | 391.5
   Elven Halls |  11.7 |  11.8 |   0.4 |   1.8 |   6.3 | 345.3
       Ossuary |   4.5 |   4.6 |   0.0 |   1.0 |   0.7 | 401.0
      Ice Cave |   3.8 |   3.8 |   0.0 |   4.8 |   1.8 | 333.0
               +-------+-------+-------+-------+-------+----------------------

Table legend:
 A = Kills in this place as a percentage of kills in entire the game.
 B = Kills by you in this place as a percentage of kills by you in the entire game.
 C = Kills by friends in this place as a percentage of kills by friends in the entire game.
 D = Other kills in this place as a percentage of other kills in the entire game.
 E = Experience gained in this place as a percentage of experience gained in the entire game.
 F = Experience gained in this place divided by the number of levels of this place that you have seen.
                   A       B       C       D       E      F
               +-------+-------+-------+-------+-------+----------------------
         Total | 100.0 | 100.0 | 100.0 | 100.0 | 100.0 | 7558.4
       Dungeon |  46.6 |  46.5 |  66.7 |  33.3 |  26.1 | 3684.4
          Lair |  26.7 |  27.0 |   0.0 |   0.0 |  33.0 | 11642.8
  Orcish Mines |   8.4 |   8.3 |  33.3 |   0.0 |   7.7 | 8115.5
   Elven Halls |  10.1 |  10.0 |   0.0 |  66.7 |  29.2 | 20573.0
       Ossuary |   4.5 |   4.5 |   0.0 |   0.0 |   0.1 | 234.0
      Ice Cave |   3.7 |   3.7 |   0.0 |   0.0 |   3.9 | 8329.0
               +-------+-------+-------+-------+-------+----------------------
